 Dungeon Crawl Stone Soup version 0.16.0-1-gbc1383b (console) character file.

574 gw the Magician (level 7, -6/51 HPs)
             Began as a Human Fire Elementalist on Mar 14, 2015.
             Shot with an arrow by a centaur (16 damage)
             ... on level 4 of the Dungeon.
             The game lasted 00:03:09 (4726 turns).

gw the Magician (Human Fire Elementalist)           Turns: 4726, Time: 00:03:10

Health: -6/51      AC:  3    Str:  8    XL:     7   Next: 61%
Magic:  1/17       EV: 12    Int: 17    God:
Gold:   150        SH:  0    Dex: 14    Spells: 4 memorised, 2 levels left

rFire  . . .     SeeInvis .     a - +0 short sword
rCold  . . .     Clarity  .     l - +0 leather armour
rNeg   . . .     SustAb   .     (no shield)
rPois  .         Gourm    .     (no helmet)
rElec  .         Spirit   .     (no cloak)
rCorr  .         Warding  .     (no gloves)
rMut   .         Stasis   .     (no boots)
MR     .....                    (no amulet)
Stlth  ++........               (no ring)
                                (no ring)

@: about to teleport, very slightly contaminated, not resistant to hostile
enchantments, unstealthy
A: no striking features
a: no special abilities


You were on level 4 of the Dungeon.
You were not hungry.

You visited 1 branch of the dungeon, and saw 4 of its levels.

You collected 150 gold pieces.

Inventory:

Hand weapons
 a - a +0 short sword (weapon)
Missiles
 h - 32 bolts
 i - 18 stones (quivered)
Armour
 l - a +0 leather armour (worn)
Scrolls
 f - a scroll of remove curse
 k - 2 scrolls of identify
Potions
 e - 2 potions of curing
Books
 b - a book of Flames

   Spells                             Type                      Level
   a - Flame Tongue                   Conjuration/Fire             1
   b - Throw Flame                    Conjuration/Fire             2
   c - Conjure Flame                  Conjuration/Fire             3
   d - Inner Flame                    Hexes/Fire                   3
   e - Sticky Flame                   Conjuration/Fire             4
   f - Fireball                       Conjuration/Fire             5
 d - a book of Air

   Spells                             Type                      Level
   a - Shock                          Conjuration/Air              1
   b - Swiftness                      Charms/Air                   2
   c - Repel Missiles                 Charms/Air                   2
   d - Flight                         Charms/Air                   3
   e - Static Discharge               Conjuration/Air              3
   f - Lightning Bolt                 Conjuration/Air              5
Comestibles
 c - a bread ration
 g - 2 royal jellies


   Skills:
 + Level 2.6 Fighting
 + Level 3.1 Short Blades
 + Level 2.9 Armour
 - Level 2.0 Dodging
 - Level 2.0 Stealth
 + Level 4.3 Spellcasting
 - Level 1.0 Conjurations
 * Level 4.2 Fire Magic


You had 2 spell levels left.
You knew the following spells:

 Your Spells              Type           Power        Failure   Level  Hunger
a - Flame Tongue          Conj/Fire      ##...        10%         1    None
b - Throw Flame           Conj/Fire      ##....       12%         2    ##.....
c - Sticky Flame          Conj/Fire      ##......     78%         4    ####...
d - Fireball              Conj/Fire      ##........   99%         5    ######.


Dungeon Overview and Level Annotations

Branches:
Dungeon (4/15)
 Temple: D:4-7

Altars:
Elyvilon
Okawaru
Qazlal

Annotations:
D:3 exclusion: downstairs


Message History

The flame tongue hits the adder skeleton.
You destroy the adder skeleton!
The centaur shoots an arrow.
The arrow barely misses you.
Unknown command.
Unknown command.
Unknown command.
Unknown command.
Casting: Flame Tongue
Confirm with . or Enter, or press ? or * to list all spells.
Aiming: Throw Flame
Press: ? - help, Shift-Dir - straight line, f - centaur
Aim: a centaur, wielding a shortbow (almost dead)
You miscast Throw Flame.
You are very lightly contaminated with residual magic.
You feel uncomfortably hot.
The centaur shoots an arrow.
The arrow hits you!
The centaur shoots an arrow.
The arrow misses you.
Read which item? (? for menu, Esc to quit)
As you read the scroll of teleportation, it crumbles to dust.
You feel strangely unstable.
The centaur shoots an arrow.
The arrow hits you!
You die...

..........#.##.....
..................
......)........#
......###......#
.........#.....#
......)..###...#
.........# #...##
.........# #....###
.........# #....p.#
...###.### #......#
... #.# #..#..?# .
>.# #...#..... ...
...#..#c...# #..
..###.#.#..# .
#.#.#... .....#..
..?


You could see a centaur.

Table legend:
 A = Turns spent in this place as a percentage of turns spent in the entire game.
 B = Non-inter-level travel turns spent in this place as a percentage of non-inter-level travel turns spent in the entire game.
 C = Inter-level travel turns spent in this place as a percentage of turns spent in this place.
 D = Turns resting spent in this place as a percentage of non-inter-level travel turns spent in this place.
 E = Turns spent auto-exploring this place as a percentage of non-inter-level travel turns spent in this place.
 F = Non-inter-level travel turns spent in this place divided by the number of levels of this place that you've seen.
                   A       B       C       D       E      F
               +-------+-------+-------+-------+-------+----------------------
         Total | 100.0 | 100.0 |   0.7 |   3.7 |   2.7 | 1333.0
       Dungeon | 100.0 | 100.0 |   0.7 |   3.7 |   2.7 | 1333.0
               +-------+-------+-------+-------+-------+----------------------

Table legend:
 A = Kills in this place as a percentage of kills in entire the game.
 B = Kills by you in this place as a percentage of kills by you in the entire game.
 C = Kills by friends in this place as a percentage of kills by friends in the entire game.
 D = Other kills in this place as a percentage of other kills in the entire game.
 E = Experience gained in this place as a percentage of experience gained in the entire game.
 F = Experience gained in this place divided by the number of levels of this place that you have seen.
                   A       B       C       D       E      F
               +-------+-------+-------+-------+-------+----------------------
         Total | 100.0 | 100.0 |  -nan |  -nan | 100.0 | 205.2
       Dungeon | 100.0 | 100.0 |  -nan |  -nan | 100.0 | 205.2
               +-------+-------+-------+-------+-------+----------------------

Vanquished Creatures
  The ghost of gw the Gusty, an average DgAE (D:4)
  A centaur (D:4)
  Blork the orc (D:4)
  A centaur skeleton (D:4)
  An orc priest (D:4)
  2 worker ants (D:4)
  Ijyb (D:4)
  8 adders
  3 worms
  An adder skeleton (D:4)
  10 orcs
  7 giant cockroaches
  9 goblins
  7 hobgoblins
  5 jackals
  A quokka (D:4)
  9 bats
  2 giant newts (D:1)
  10 kobolds
  10 rats
90 creatures vanquished.

Notes
Turn   | Place    | Note
--------------------------------------------------------------
     0 | D:1      | gw, the Human Fire Elementalist, began the quest for the Orb.
     0 | D:1      | Reached XP level 1. HP: 13/13 MP: 3/3
   265 | D:1      | Reached XP level 2. HP: 19/19 MP: 0/5
   318 | D:1      | Learned a level 2 spell: Throw Flame
   831 | D:1      | Reached XP level 3. HP: 25/25 MP: 0/6
   899 | D:2      | Reached skill level 1 in Armour
  1009 | D:2      | Reached XP level 4. HP: 31/31 MP: 0/8
  1103 | D:2      | Learned a level 4 spell: Sticky Flame
  1191 | D:2      | Found a stormy altar of Qazlal.
  1300 | D:2      | Reached skill level 1 in Fighting
  1937 | D:3      | Reached skill level 1 in Short Blades
  2150 | D:3      | Found a white marble altar of Elyvilon.
  2193 | D:3      | Found an iron altar of Okawaru.
  2400 | D:3      | Reached XP level 5. HP: 37/37 MP: 0/11
  3444 | D:4      | Noticed Blork the orc
  3450 | D:4      | Killed Blork the orc
  3450 | D:4      | Reached XP level 6. HP: 40/43 MP: 0/13
  3457 | D:4      | Noticed gw's ghost (average DgAE)
  3663 | D:3      | Learned a level 5 spell: Fireball
  3784 | D:4      | Killed gw's ghost
  3784 | D:4      | Reached skill level 4 in Spellcasting
  3860 | D:4      | Reached XP level 7. HP: 13/50 MP: 0/17
  4157 | D:4      | Noticed Ijyb
  4162 | D:4      | Killed Ijyb
  4716 | D:4      | Noticed a centaur
  4726 | D:4      | Shot with an arrow by a centaur

Action                   |  1- 3 |  4- 6 |  7- 9 || total
-------------------------+-------+-------+-------++-------
Melee: Short sword       |     6 |    29 |    13 ||    48
 Cast: Flame Tongue      |    23 |    54 |    28 ||   105
       Throw Flame       |     9 |    60 |    23 ||    92
  Use: Scroll            |     3 |     3 |     1 ||     7
       Potion            |     3 |     1 |       ||     4
  Eat: Chunk             |     1 |    12 |     4 ||    17

Vault maps used:
D:1:      mrwooster_arrival_arrow
D:2:      nicolae_qazlal_general_emergency, kennysheep_flooded_box,
          bh_walls_and_bars
D:3:      nicolae_overflow_crystal_walls, lemuel_doored_altar
D:4:      uniq_iyjb, uniq_blork_the_orc
